 Dungeon Crawl Stone Soup version 0.21-a0-400-g417d9d2 (webtiles) character file.

47016 Kavrick the Protected (level 14, -10/116 HPs)
             Began as a Formicid Fighter on Oct 19, 2017.
             Was a High Priest of Yredelemnul.
             Mangled by a sun demon (17 damage)
             ... summoned by a kobold demonologist
             ... on level 13 of the Dungeon on Oct 20, 2017.
             The game lasted 00:51:37 (20893 turns).

Kavrick the Protected (Formicid Fighter)           Turns: 20893, Time: 00:51:37

Health: -10/116    AC: 22    Str: 26    XL:     14   Next: 79%
Magic:  32/32      EV:  9    Int:  8    God:    Yredelemnul [*****.]
Gold:   1121       SH: 18    Dex: 10    Spells: 13/13 levels left

rFire    . . .     SeeInvis +   a - +2 long sword (flame)
rCold    . . .     Gourm    .   G - +2 shield {rPois}
rNeg     . . .     Faith    .   B - +0 plate armour
rPois    +         Spirit   .   (helmet unavailable)
rElec    .         Reflect  +   l - +2 cloak {MR+}
rCorr    .         Harm     .   (no gloves)
MR       ++...                  p - +0 pair of boots (curse)
Stlth    ..........             g - +3 amulet of reflection
HPRegen  0.29/turn              e - +2 ring of protection
MPRegen  0.23/turn              c - ring of magical power

@: no status effects
A: permanent stasis, dig shafts and tunnels, four strong arms, antennae 3
a: Dig, Shaft Self, Recall Undead Slaves, Injury Mirror, Animate Dead, Drain
Life, Enslave Soul, Renounce Religion


You were on level 13 of the Dungeon.
You worshipped Yredelemnul.
Yredelemnul was extremely pleased with you.
You were not hungry.

You visited 2 branches of the dungeon, and saw 19 of its levels.
You also visited: Sewer.

You collected 1121 gold pieces.

Inventory:

Hand Weapons
 a - a +2 long sword of flaming (weapon)
 F - a +2 scimitar of flaming
 T - a +0 great sword
Armour
 l - a +2 cloak of magic resistance (worn)
 p - a cursed +0 pair of boots (worn)
 B - a +0 plate armour (worn)
 G - a +2 shield of poison resistance (worn)
 X - +0 acid dragon scales
Jewellery
 c - a ring of magical power (right hand)
 e - a +2 ring of protection (left hand)
 g - a +3 amulet of reflection (around neck)
 v - an uncursed ring of flight
 A - an uncursed ring of fire
 H - an uncursed amulet of faith
 M - a +2 ring of protection
 N - an uncursed amulet of faith
 Q - a +1 ring of protection
 W - a +6 amulet of reflection
 Y - a cursed ring of magical power
Wands
 u - a wand of random effects (20/48)
 y - a wand of iceblast (5/15)
 K - a wand of paralysis (6/24)
 P - a wand of lightning (12/15)
 S - a wand of scattershot (6/9)
 V - a wand of iceblast (4/15)
Scrolls
 j - 3 scrolls of amnesia
 m - 9 scrolls of identify
 w - a scroll of magic mapping
 x - a scroll of silence
 D - 3 scrolls of remove curse
 J - 2 scrolls of enchant armour
 O - a scroll of vulnerability
Potions
 b - 12 potions of degeneration
 d - 2 potions of might
 h - a potion of heal wounds
 k - 2 potions of mutation
 n - 2 potions of cancellation
 r - 4 potions of curing
 s - 2 potions of lignification
 t - a potion of agility
 z - 3 potions of haste
 E - a potion of flight
 L - 2 potions of brilliance
 U - a potion of berserk rage
Books
 C - a book of Minor Magic

   Spells                             Type                      Level
   a - Magic Dart                     Conjuration                  1
   b - Blink                          Translocation                2
   c - Call Imp                       Summoning                    2
   d - Slow                           Hexes                        2
   e - Conjure Flame                  Conjuration/Fire             3
   f - Mephitic Cloud                 Conjuration/Poison/Air       3
 Z - a book of Conjurations

   Spells                             Type                      Level
   a - Magic Dart                     Conjuration                  1
   b - Searing Ray                    Conjuration                  2
   c - Dazzling Spray                 Conjuration/Hexes            3
   d - Fulminant Prism                Conjuration/Hexes            4
   e - Force Lance                    Conjuration/Translocation    4
   f - Iskenderun's Mystic Blast      Conjuration                  4
Comestibles
 f - 11 bread rations
 i - 10 meat rations
 o - 8 royal jellies
 q - 9 fruits


   Skills:
 + Level 12.5 Fighting
 + Level 11.8 Long Blades
 + Level 12.5 Armour
 + Level 4.1 Dodging
 - Level 12.4 Shields
 + Level 12.2 Invocations


You had 13 spell levels left.
You didn't know any spells.

Dungeon Overview and Level Annotations

Branches:
Dungeon (13/15)            Temple (0/1) D:6            Lair (6/6) D:10
  Swamp (0/4) Lair:2       Spider (0/4) Lair:2        Slime (0/5) Lair:5
    Orc (0/2) D:9
 Vaults: D:13-14

Altars:
Fedhas
Makhleb
Qazlal
Ru
Xom
Yredelemnul

Shops:
D:10 }

Portals:
Trove: D:13 (give 19 scrolls of identify)

Annotations:
Lair:3 exclusion: 4 oklob plants


Innate Abilities, Weirdness & Mutations

You cannot be hasted, slowed, berserked, paralysed or teleported.
You can dig through walls and to a lower floor.
Your four strong arms can wield two-handed weapons with a shield.
You have a pair of large antennae on your head. (SInv)


Message History

You block the ufetubus's attack. x2
The kobold demonologist hits you but does no damage.
You closely miss the kobold demonologist.
The kobold demonologist is almost dead.
You block the ufetubus's attack. x2; The sun demon hits you!!
* * * LOW HITPOINT WARNING * * *
You are engulfed in flames!
* * * LOW HITPOINT WARNING * * *
The ufetubus barely misses you.
The ufetubus hits you but does no damage. x2
The ufetubus closely misses you.
You closely miss the kobold demonologist.
The kobold demonologist is almost dead.
You block the ufetubus's attack. x2
The ufetubus hits you but does no damage.
You block the ufetubus's attack.
The kobold demonologist casts a spell.
The sun demon hits you!
You die...
Your body rises from the dead as a mindless zombie.

##########
#.4K55...# ###
#5@335...########..
#55####.(.........#
####55# ########.#
#.....# #.# #.....#
#####.# #...#.#
#...... ##.##.#
#>###.# #.##.# #.#
#)##.# # #..


You could see a sun demon, a kobold demonologist, a ynoxinul, a chaos spawn and
8 ufetubi.

Vanquished Creatures
  2 hydras (Lair:5)
  Erica (D:9)
  3 two-headed ogres
  A centaur warrior (D:13)
  2 death yaks (Lair:6)
  Sonja (Lair:3)
  3 skeletal warriors
  An unseen horror (D:13)
  Pikel (D:6)
  2 ugly things
  A manticore (Lair:6)
  A cyclops (D:12)
  3 elephants (Lair:6)
  2 black mambas
  A torpor snail (Lair:6)
  A gargoyle (D:13)
  7 spiny frogs
  11 komodo dragons
  A rime drake (Lair:2)
  2 trolls
  A meliai (D:13)
  2 slime creatures (D:13)
  2 blink frogs (Lair:5)
  A hippogriff (Lair:4)
  4 dream sheep (Lair:5)
  A shadow (D:13)
  A wyvern (Lair:4)
  18 yaks
  A basilisk (Lair:5)
  3 hungry ghosts
  Grum (D:9)
  2 wraiths (D:12)
  An acid dragon (D:13)
  2 soldier ants
  2 porcupines
  9 water moccasins
  4 orc warriors
  Purgy (Sewer)
  3 ice beasts
  An eye of draining (D:9)
  3 sky beasts
  2 black bears
  A phantom (D:13)
  17 wolves
  4 ogres
  A centaur (D:7)
  6 crocodiles
  3 big kobolds
  A gnoll sergeant (D:11)
  10 bullfrogs
  A wyvern skeleton (D:9)
  7 scorpions
  3 killer bees (D:12)
  2 howler monkeys
  2 crimson imps
  A quasit (D:12)
  12 hounds
  5 jellies
  A bullfrog skeleton (D:11)
  6 centaur skeletons
  3 orc priests
  Crazy Yiuf (D:2)
  Natasha (thrice) (D:2)
  8 orc wizards
  3 iguanas
  8 worker ants
  A killer bee zombie (D:7)
  A hound zombie (D:6)
  A hound skeleton (D:4)
  A howler monkey zombie (D:10)
  Robin (D:2)
  12 gnolls
  13 adders
  3 shadow imps
  2 worms
  A dart slug (D:4)
  9 leopard geckos
  36 orcs
  3 ball pythons
  9 bats
  9 giant cockroaches
  15 goblins
  10 hobgoblins
  6 jackals
  16 kobolds
  5 quokkas
  4 frilled lizards
  A quokka skeleton (D:4)
  9 rats
389 creatures vanquished.

Vanquished Creatures (collateral kills)
  Fannar (Lair:3)
  5 hydras
  3 catoblepae (Lair:6)
  A two-headed ogre (D:12)
  4 death yaks (Lair:6)
  Nergalle (Lair:3)
  A skeletal warrior (D:13)
  An ugly thing (D:12)
  2 manticores
  2 elephants (Lair:6)
  5 spiny frogs
  A torpor snail (Lair:5)
  A rime drake (Lair:3)
  A kobold demonologist (D:12)
  An efreet (D:12)
  4 komodo dragons
  2 meliai (D:13)
  A merfolk (D:10)
  A troll (D:11)
  A hornet (D:10)
  3 blink frogs
  24 yaks
  2 wyverns
  A steam dragon (D:11)
  A basilisk (Lair:3)
  A hungry ghost (D:12)
  3 water moccasins
  3 porcupines (Lair:5)
  3 orc warriors
  An ice beast (D:11)
  A swamp drake (D:9)
  A black bear (D:11)
  3 wolves
  2 centaurs
  3 crocodiles
  Blork the orc (D:6)
  3 bullfrogs
  A scorpion (D:11)
  A wyvern skeleton (D:10)
  3 killer bees (D:12)
  2 bullfrog zombies
  A hound (D:10)
  2 jellies
  A centaur zombie (D:7)
  A centaur skeleton (D:11)
  2 orc wizards (D:9)
  2 worker ants
  A howler monkey zombie (D:10)
  3 gnolls (D:11)
  19 orcs
  6 kobolds
  7 fungi
  6 plants
153 creatures vanquished.

Vanquished Creatures (others)
  Nessos (D:13)
  2 skeletal warriors
  A flayed ghost (D:13)
  3 phantasmal warriors
  4 flying skulls
  3 vampires
  A slave (D:6)
  A blink frog zombie (Lair:5)
  2 centaurs
  A komodo dragon zombie (Lair:3)
  A water moccasin zombie (Lair:6)
  A yak zombie (Lair:6)
  A wight (D:11)
  An acid dragon zombie (D:13)
  2 mummies (Lair:3)
  An iguana zombie (D:6)
  An orc (D:7)
  A kobold (D:12)
  An orc zombie (D:6)
  A fungus (Lair:6)
  3 plants
33 creatures vanquished.

Grand Total: 575 creatures vanquished

Notes
Turn   | Place    | Note
-------+----------+-------------------------------------------
     0 | D:1      | Kavrick the Formicid Fighter began the quest for the Orb.
     0 | D:1      | Reached XP level 1. HP: 18/18 MP: 1/1
   163 | D:1      | Reached XP level 2. HP: 21/24 MP: 2/2
   679 | D:1      | Reached XP level 3. HP: 29/29 MP: 3/3
   951 | D:2      | Noticed Robin
  1390 | D:2      | Killed Robin
  1390 | D:2      | Reached XP level 4. HP: 37/37 MP: 4/4
  1553 | D:2      | Noticed Natasha
  1559 | D:2      | Killed Natasha
  1559 | D:2      | Reached XP level 5. HP: 35/42 MP: 5/5
  1656 | D:2      | Found a basalt altar of Yredelemnul.
  1674 | D:2      | Became a worshipper of Yredelemnul the Dark
  1719 | D:2      | Noticed Natasha
  1730 | D:2      | Killed Natasha
  2017 | D:2      | Found a runed door.
  2131 | D:2      | Noticed Natasha
  2147 | D:2      | Killed Natasha
  2554 | D:2      | Noticed Crazy Yiuf
  2563 | D:2      | Killed Crazy Yiuf
  2563 | D:2      | Reached XP level 6. HP: 34/48 MP: 6/6
  2803 | D:3      | Found a glowing drain.
  2821 | Sewer    | Entered a sewer
  2824 | Sewer    | Noticed Purgy
  2856 | Sewer    | Killed Purgy
  3417 | D:3      | Found a faded altar of an unknown god.
  3494 | D:3      | Found a shimmering altar of Xom.
  3519 | D:3      | Reached * piety under Yredelemnul
  3536 | D:3      | Found a basalt altar of Yredelemnul.
  3549 | D:3      | Reached skill level 5 in Shields
  3549 | D:3      | Reached XP level 7. HP: 55/55 MP: 7/7
  3765 | D:4      | Reached skill level 5 in Long Blades
  3838 | D:4      | Reached skill level 5 in Fighting
  4066 | D:4      | Reached skill level 5 in Armour
  4190 | D:4      | Reached ** piety under Yredelemnul
  4531 | D:4      | Reached XP level 8. HP: 61/62 MP: 8/8
  4687 | D:5      | Entered Level 5 of the Dungeon
  4749 | D:5      | Reached skill level 1 in Invocations
  5621 | D:6      | Reached XP level 9. HP: 66/69 MP: 11/11
  5706 | D:6      | Noticed Pikel
  5734 | D:6      | Killed Pikel
  5754 | D:6      | Found a stormy altar of Qazlal.
  5991 | D:6      | Noticed Blork the orc
  6009 | D:6      | Killed Blork the orc
  6017 | D:6      | Found a staircase to the Ecumenical Temple.
  6174 | D:6      | Reached *** piety under Yredelemnul
  6669 | D:7      | Found a burning altar of Makhleb.
  7027 | D:7      | Reached skill level 5 in Invocations
  7027 | D:7      | Reached XP level 10. HP: 74/79 MP: 13/13
  7375 | D:8      | You fall through a shaft!
  7441 | D:9      | Paralysed by fainting for 11 turns
  7457 | D:9      | Noticed Grum
  7467 | D:9      | Noticed a two-headed ogre
  7556 | D:9      | Killed a two-headed ogre
  7572 | D:9      | Killed Grum
  7648 | D:9      | Noticed Erica
  7654 | D:9      | Killed Erica
  7989 | D:9      | Received a gift from Yredelemnul (2 flying skulls)
  8055 | D:9      | Found a staircase to the Orcish Mines.
  8056 | D:9      | Reached XP level 11. HP: 87/87 MP: 16/16
  8072 | D:9      | Reached **** piety under Yredelemnul
  8302 | D:9      | Found a sacrificial altar of Ru.
  8437 | D:9      | Found a blossoming altar of Fedhas.
  8587 | D:10     | Entered Level 10 of the Dungeon
  8628 | D:10     | Noticed a two-headed ogre
  8636 | D:10     | Killed a two-headed ogre
  8703 | D:10     | Received a gift from Yredelemnul (2 flying skulls)
  9022 | D:10     | Found a staircase to the Lair.
  9055 | D:10     | Received a gift from Yredelemnul (a mummy)
  9303 | D:10     | Found Aci Tuod's Gadget Boutique.
  9814 | Lair:1   | Entered Level 1 of the Lair of Beasts
  9818 | Lair:1   | Reached skill level 10 in Shields
 10240 | Lair:1   | Received a gift from Yredelemnul (a mummy)
 10472 | Lair:1   | Received a gift from Yredelemnul (a vampire)
 11038 | Lair:2   | Found a staircase to the Swamp.
 11063 | Lair:2   | Reached XP level 12. HP: 84/96 MP: 18/18
 11567 | Lair:2   | Noticed a seven-headed hydra
 11574 | Lair:2   | Killed a four-headed hydra
 11727 | Lair:2   | Found a hole to the Spider Nest.
 11881 | Lair:3   | Noticed Nergalle
 11889 | Lair:3   | Killed Nergalle
 12158 | Lair:3   | Noticed Sonja
 12158 | Lair:3   | Noticed Fannar
 12199 | Lair:3   | Killed Fannar
 12260 | Lair:3   | Reached skill level 10 in Fighting
 12268 | Lair:3   | Reached skill level 10 in Armour
 12780 | Lair:3   | Killed Sonja
 13893 | Lair:5   | Noticed a seven-headed hydra
 13902 | Lair:5   | Killed a one-headed hydra
 13902 | Lair:5   | Reached skill level 10 in Long Blades
 13932 | Lair:5   | Found a staircase to the Slime Pits.
 13936 | Lair:5   | Noticed a four-headed hydra
 13991 | Lair:4   | Received a gift from Yredelemnul (a vampire)
 14020 | Lair:4   | Killed a one-headed hydra
 14021 | Lair:4   | Reached skill level 10 in Invocations
 14021 | Lair:4   | Reached XP level 13. HP: 70/104 MP: 20/20
 14260 | Lair:5   | Reached ***** piety under Yredelemnul
 14692 | Lair:5   | Noticed a five-headed hydra
 14701 | Lair:5   | Killed a two-headed hydra
 14959 | Lair:6   | Entered Level 6 of the Lair of Beasts
 14980 | Lair:6   | Received a gift from Yredelemnul (a phantasmal warrior)
 15189 | Lair:6   | Noticed a four-headed hydra
 15198 | Lair:6   | Killed a one-headed hydra
 15199 | Lair:6   | Received a gift from Yredelemnul (a wight)
 15285 | Lair:6   | Noticed a four-headed hydra
 15290 | Lair:6   | Killed a one-headed hydra
 15317 | Lair:6   | Noticed a six-headed hydra
 15326 | Lair:6   | Killed a two-headed hydra
 15668 | Lair:6   | Received a gift from Yredelemnul (a phantasmal warrior)
 15953 | Lair:6   | Noticed a catoblepas
 15961 | Lair:6   | Killed a catoblepas
 16104 | Lair:6   | Noticed a catoblepas
 16106 | Lair:6   | Reached skill level 1 in Dodging
 16118 | Lair:6   | Reached XP level 14. HP: 87/114 MP: 22/22
 17548 | D:11     | Received a gift from Yredelemnul (a skeletal warrior)
 18094 | D:12     | Received a gift from Yredelemnul (a skeletal warrior)
 18631 | D:12     | Received a gift from Yredelemnul (a vampire)
 19004 | D:13     | HP: 3/115 [meliai/divine providence (16)]
 19293 | D:13     | Received a gift from Yredelemnul (a phantasmal warrior)
 19550 | D:12     | Upgraded the game from 0.21-a0-396-ga924934 to 0.21-a0-400-g417d9d2
 19972 | D:13     | Noticed Nessos
 19980 | D:13     | Killed Nessos
 20059 | D:13     | Received a gift from Yredelemnul (a flayed ghost)
 20169 | D:13     | Found a portal to a secret trove of treasure.
 20893 | D:13     | Mangled by a sun demon

Vault maps used:
D:1:      onia_arrival_pyramid
D:2:      lemuel_crystal_altar, kennysheep_boxes, uniq_natasha,
          uniq_crazy_yiuf_cottage, uniq_robin
D:3:      lemuel_crystal_altar, first_bread, chequers_ecumenical_altar_twisty,
          cheibrodos_sewer_entry_bend, yredelemnul_altar_generic
D:4:      minmay_opposing_rooms
D:6:      lemuel_coloured_pillars_altar, minmay_temple_entry_junction_2,
          uniq_blork_the_orc, uniq_pikel
D:7:      lemuel_doored_altar, abandoned_shop
D:9:      fedhas_altar_4, nicolae_ru_the_path_less_chosen, erik_orc_1,
          uniq_grum, uniq_erica
D:10:     lair_entry_dummy, serial_shops, nicolae_shop_trees,
          hangedman_fish_farm
D:11:     grunt_decor_arrowhead, st_stairs_8
D:12:     minmay_checkerbox
D:13:     trove_entry_hex_spiral, uniq_nessos
Lair:1:   grunt_megastairs_1
Lair:2:   swamp_mist_pool, dummy_spider_entry
Lair:3:   beast_lair_carwin_11, minmay_lair_oklob_chamber, uniq_sonja,
          uniq_nergalle, uniq_fannar
Lair:5:   minmay_slime_entry_pillars, hangedman_lair_generics_rect,
          grunt_megastairs_4
Lair:6:   evilmike_catoblepas_cave
Sewer:    kennysheep_door_sewer

Skill      XL: |  1  2  3  4  5  6  7  8  9 10 11 12 13 14 |
---------------+-------------------------------------------+-----
Shields        | 4 5 6 7 9 10 11 12 | 12.4
Long Blades    | 3 4 5 6 7 8 9 10 11 | 11.8
Fighting       | 4 5 6 7 8 9 10 11 12 | 12.5
Armour         | 4 5 6 7 8 9 10 11 12 | 12.5
Invocations    | 2 5 6 8 10 11 12 | 12.2
Dodging        | 1 4 |  4.1

Action                   |  1- 3 |  4- 6 |  7- 9 | 10-12 | 13-15 || total
-------------------------+-------+-------+-------+-------+-------++-------
Melee: Long sword        |   134 |   180 |   511 |   116 |    32 ||   973
       Scimitar          |       |       |       |   429 |   238 ||   667
       Great sword       |       |       |       |       |   362 ||   362
Invok: Animate Remains   |       |       |     3 |       |       ||     3
       Recall Undead Sla |       |       |     2 |     2 |     6 ||    10
       Animate Dead      |       |       |     3 |     2 |     8 ||    13
       Injury Mirror     |       |       |       |     2 |       ||     2
       Drain Life        |       |       |       |     1 |     1 ||     2
  Use: Scroll            |       |    11 |       |     1 |    14 ||    26
       Potion            |       |       |       |     5 |       ||     5
 Stab: Distracted        |       |       |     1 |     3 |     5 ||     9
       Confused          |       |       |       |       |     3 ||     3
  Eat: Chunk             |     2 |     7 |    16 |    27 |    14 ||    66
       Bread ration      |       |       |       |       |     2 ||     2
       Meat ration       |       |       |       |       |     1 ||     1
Armor: Scale mail        |    44 |    88 |       |       |       ||   132
       Chain mail        |       |    18 |   193 |       |       ||   211
       Plate armour      |       |       |    53 |   247 |   258 ||   558
Dodge: Dodged            |    53 |    64 |   147 |   123 |   138 ||   525
Block: Shield            |    85 |   138 |   296 |   516 |   593 ||  1628
       Reflection        |       |       |     2 |    13 |    16 ||    31
       Rpst.: Long sword |    12 |    19 |    39 |     7 |     4 ||    81
       Scimitar          |       |       |       |    22 |     5 ||    27
       Great sword       |       |       |       |       |    19 ||    19

Table legend:
 A = Spawn XP
 B = Non-spawn XP
 C = Spawn XP percentage of total XP
 D = Spawn monster count
 E = Non-spawn monster count
 F = Spawn count percentage of total count
 G = Total turns spent on level
                    A         B        C        D         E        F      G
               +---------+---------+-------+---------+---------+-------+---------
         Total |       0 |   67167 |   0.0 |       0 |     533 |   0.0 | 20893
               +---------+---------+-------+---------+---------+-------+---------
           D:1 |       0 |      41 |   0.0 |       0 |      23 |   0.0 |  1117
           D:2 |       0 |     255 |   0.0 |       0 |      38 |   0.0 |  1565
           D:3 |       0 |     129 |   0.0 |       0 |      19 |   0.0 |   556
           D:4 |       0 |     578 |   0.0 |       0 |      33 |   0.0 |   993
           D:5 |       0 |     681 |   0.0 |       0 |      25 |   0.0 |   843
           D:6 |       0 |    1502 |   0.0 |       0 |      28 |   0.0 |   942
           D:7 |       0 |     976 |   0.0 |       0 |      14 |   0.0 |   889
           D:8 |       0 |      50 |   0.0 |       0 |       1 |   0.0 |    14
           D:9 |       0 |    3844 |   0.0 |       0 |      53 |   0.0 |  1222
          D:10 |       0 |    3665 |   0.0 |       0 |      35 |   0.0 |  1314
          D:11 |       0 |    3361 |   0.0 |       0 |      31 |   0.0 |   793
          D:12 |       0 |    5522 |   0.0 |       0 |      44 |   0.0 |  1520
          D:13 |       0 |    8258 |   0.0 |       0 |      28 |   0.0 |  1405
        Lair:1 |       0 |    2698 |   0.0 |       0 |      21 |   0.0 |  1118
        Lair:2 |       0 |    2527 |   0.0 |       0 |      11 |   0.0 |   888
        Lair:3 |       0 |    3808 |   0.0 |       0 |      12 |   0.0 |  1189
        Lair:4 |       0 |    5152 |   0.0 |       0 |      26 |   0.0 |  1034
        Lair:5 |       0 |    7873 |   0.0 |       0 |      31 |   0.0 |  1073
        Lair:6 |       0 |   16093 |   0.0 |       0 |      54 |   0.0 |  1962
         Sewer |       0 |     154 |   0.0 |       0 |       6 |   0.0 |   456
               +---------+---------+-------+---------+---------+-------+---------
